 Dungeon Crawl Stone Soup version 0.18-a0-1683-gf9322e6 (webtiles) character file.

70 ImaginaryIma the Grave Robber (level 4, 0/30 HPs)
             Began as a Demonspawn Necromancer on Apr 3, 2016.
             Was a Follower of Fedhas.
             Slain by Natasha (5 damage)
             ... on level 4 of the Dungeon.
             The game lasted 00:28:47 (1515 turns).

ImaginaryIma the Grave Robber (DsNe)                Turns: 1515, Time: 00:28:48

Health: 0/30       AC:  3    Str:  8    XL:     4   Next: 4%
Magic:  0/8        EV: 11    Int: 17    God:    Fedhas [*.....]
Gold:   36         SH:  0    Dex: 14    Spells: 2 memorised, 6 levels left

rFire  . . .     SeeInvis .     m - +0 hand axe
rCold  . . .     Gourm    .     i - +0 leather armour
rNeg   . . .     Faith    .     (no shield)
rPois  .         Spirit   +     (no helmet)
rElec  .         Dismiss  .     (no cloak)
rCorr  .         Reflect  .     (no gloves)
SustAt .         Harm     .     (no boots)
MR     .....                    e - amulet of guardian spirit
Stlth  ++........               (no ring)
                                (no ring)

@: not resistant to hostile enchantments, unstealthy
A: hooves 1, demonic guardian 1
a: Evolution, Renounce Religion


You were on level 4 of the Dungeon.
You worshipped Fedhas.
Fedhas was aware of your devotion.
You were very full.

You visited 1 branch of the dungeon, and saw 4 of its levels.

You collected 36 gold pieces.

Inventory:

Hand Weapons
 d - a +0 short sword
 f - a +0 club
 g - a +0 whip
 k - a +0 club
 l - a +0 dagger
 m - a +0 hand axe (weapon)
Missiles
 a - 17 poisoned needles
 h - 48 arrows
 j - a stone (quivered)
Armour
 i - a +0 leather armour (worn)
 p - a +0 robe
Jewellery
 e - an amulet of guardian spirit (around neck)
Wands
 o - a wand of lightning (10/15)
Potions
 n - a potion of heal wounds {unknown}
Books
 b - a book of Necromancy

   Spells                             Type                      Level
   a - Pain                           Necromancy                   1
   b - Animate Skeleton               Necromancy                   1
   c - Vampiric Draining              Necromancy                   3
   d - Regeneration                   Charms/Necromancy            3
   e - Animate Dead                   Necromancy                   4
   f - Control Undead                 Necromancy                   4
Comestibles
 c - a bread ration


   Skills:
 + Level 0.3 Maces & Flails
 + Level 0.1 Armour
 + Level 1.8 Dodging
 + Level 2.0 Stealth
 + Level 2.8 Spellcasting
 * Level 5.3 Necromancy


You had 6 spell levels left.
You knew the following spells:

 Your Spells              Type           Power        Failure   Level  Hunger
a - Pain                  Necr           ###.         2%          1    #......
b - Animate Skeleton      Necr           N/A          2%          1    #......


Dungeon Overview and Level Annotations

Branches:
Dungeon (4/15)
 Temple: D:4-7

Altars:
Fedhas

Annotations:
D:4 Natasha


Innate Abilities, Weirdness & Mutations

You have large cloven feet.
A weak demonic guardian rushes to your aid.


Message History

Your iron imp barely misses Natasha.
Natasha claws you.
Casting: Pain
Confirm with . or Enter, or press ? or * to list all spells.
Aiming: Pain
Press: ? - help, Shift-Dir - straight line, f - Natasha
Aim: Natasha (lightly wounded, chance to defeat MR: 80%) Natasha convulses in agony!
Your iron imp disappears in a puff of smoke!
Natasha claws you!
* * * LOW HITPOINT WARNING * * *
Casting: Pain
Confirm with . or Enter, or press ? or * to list all spells.
Aiming: Pain
Press: ? - help, Shift-Dir - straight line, f/p - Natasha
Aim: Natasha (severely wounded, chance to defeat MR: 80%) Natasha convulses in agony!
The crimson imp barely misses you. Natasha claws you.
You die...
Fedhas appreciates your contribution to the ecosystem.

.# ####.##
...$.. .... #
... #. #.# #
#.######.###.#
#............#
#......5@....#.#
#.....†h.......#
#............###
#.....<.........
#........#######
#......).#
#........#
#........#
....#####.#


You could see Natasha and a crimson imp.

Vanquished Creatures
  Natasha (D:3)
  An adder (D:3)
  2 worms
  An orc (D:3)
  A ball python (D:3)
  5 bats
  4 goblins
  3 hobgoblins
  3 jackals (D:2)
  A quokka (D:4)
  3 kobolds
  5 rats
30 creatures vanquished.

Vanquished Creatures (others)
  7 toadstools (D:3)
7 creatures vanquished.

Grand Total: 37 creatures vanquished

Notes
Turn   | Place    | Note
--------------------------------------------------------------
     0 | D:1      | ImaginaryIma the Demonspawn Necromancer began the quest for the Orb.
     0 | D:1      | Reached XP level 1. HP: 13/13 MP: 3/3
    19 | D:1      | Learned a level 1 spell: Animate Skeleton
   222 | D:2      | Gained mutation: You have large cloven feet. [demonic ancestry]
   222 | D:2      | Reached XP level 2. HP: 17/19 MP: 1/5
   778 | D:3      | Noticed Natasha
   786 | D:3      | Killed Natasha
   786 | D:3      | Reached skill level 5 in Necromancy
   786 | D:3      | Gained mutation: A weak demonic guardian rushes to your aid. [demonic ancestry]
   786 | D:3      | Reached XP level 3. HP: 12/24 MP: 0/7
   962 | D:3      | Found a faded altar to an unknown god.
  1052 | D:3      | Became a worshipper of Fedhas Madash
  1052 | D:3      | Reached * piety under Fedhas
  1457 | D:4      | Reached XP level 4. HP: 11/30 MP: 0/8
  1507 | D:4      | Noticed Natasha
  1515 | D:4      | Slain by Natasha

Vault maps used:
D:1:      dpeg_arrival_round_c
D:3:      ecumenical_altar_2, first_bread, minmay_misc_feat_encased,
          interstate_on_off, columned_hall_lemuel, uniq_natasha,
          uniq_crazy_yiuf_cottage, uniq_sigmund
D:4:      gammafunk_temple_overflow_statue, elyvilon_altar_4

Skill      XL: |  1  2 |
---------------+-------+-----
Stealth        | 2 |  2.0
Necromancy     | 5 |  5.3
Maces & Flails | |  0.3
Armour         | |  0.1
Dodging        | |  1.8
Spellcasting   | |  2.8

Action                   |  1- 3 |  4- 6 || total
-------------------------+-------+-------++-------
Melee: Unarmed           |     1 |       ||     1
       Whip              |    11 |       ||    11
       Hand axe          |     2 |       ||     2
 Cast: Pain              |    48 |     3 ||    51
       Animate Skeleton  |     3 |       ||     3
  Use: Scroll            |     3 |       ||     3
  Eat: Meat ration       |     1 |       ||     1
       Bread ration      |     1 |       ||     1
